 Dungeon Crawl Stone Soup version 0.15.0-18-g9076a4f (webtiles) character file.

235 Kex the Grasshopper (level 5, -3/35 HPs)
             Began as a High Elf Warper on Sept 7, 2014.
             Slain by a worker ant (6 damage)
             ... on Level 4 of the Dungeon.
             The game lasted 00:25:19 (4355 turns).

Kex the Grasshopper (High Elf Warper)               Turns: 4355, Time: 00:25:19

HP  -3/35        AC  6     Str 10      XL: 5   Next: 76%
MP   6/14        EV 12     Int 16      God:
Gold 143         SH  0     Dex 16      Spells:  3 memorised,  4 levels left

rFire  . . .     SeeInvis .     s - +0 short sword (elec)
rCold  . . .     Clarity  .     b - +0 leather armour
rNeg   . . .     rCorr    .     (no shield)
rPois  .         rRot     .     (no helmet)
rElec  .         Spirit   .     (no cloak)
SustAb .         Warding  .     l - +2 pair of gloves
rMut   .         Stasis   .     (no boots)
Gourm  .                        (no amulet)
MR     .....                    (no ring)
                                (no ring)

@: lethally poisoned, not resistant to hostile enchantments, unstealthy
A: no striking features
a: no special abilities


You were on level 4 of the Dungeon.
You were not hungry.

You visited 1 branch of the dungeon, and saw 4 of its levels.

You collected 143 gold pieces.

Inventory:

Hand weapons
 k - a +0 dagger of venom
 r - a +2 antimagic short sword
 s - a +0 short sword of electrocution (weapon)
 w - a +2 dagger of protection
Missiles
 e - 5 tomahawks of dispersal (quivered)
 o - 6 tomahawks
Armour
 b - a +0 leather armour (worn)
 l - a +2 pair of gloves (worn)
Comestibles
 f - 4 bread rations
 m - 4 fruits
Scrolls
 d - a scroll of blinking
 g - 3 scrolls of identify
 h - 3 scrolls of remove curse
 p - a scroll of magic mapping {unknown}
 v - a scroll of noise {unknown}
 x - a scroll of amnesia {unknown}
Jewellery
 q - an uncursed amulet of resist mutation {unknown}
Potions
 a - a potion of agility {unknown}
 i - a potion of brilliance {unknown}
 j - 7 potions of curing {unknown}
 n - a potion of invisibility {unknown}
 t - a potion of cancellation {unknown}
Books
 c - a book of Spatial Translocations

   Spells                             Type                      Level
   *Apportation                       Translocation                1
   *Blink                             Translocation                2
   Shroud of Golubria                 Charms/Translocation         2
   Portal Projectile                  Translocation                3
   *Teleport Other                    Translocation                3
   Passage of Golubria                Translocation                4


   Skills:
 + Level 2.7 Fighting
 * Level 2.4(3.0) Short Blades
   Level 2.8(3.2) Long Blades
 + Level 1.1 Throwing
 + Level 2.1 Armour
 + Level 3.4 Dodging
 + Level 1.0 Stealth
 + Level 3.1 Spellcasting
 + Level 4.3 Translocations


You had 4 spell levels left.
You knew the following spells:

 Your Spells              Type           Power        Failure   Level  Hunger
a - Apportation           Tloc           ###.......   3%          1    #......
b - Blink                 Tloc           N/A          6%          2    ##.....
c - Teleport Other        Tloc           ###.....     12%         3    ###....


Dungeon Overview and Level Annotations

Branches:
Dungeon (4/15)
 Temple: D:4-7

Altars:
Ashenzari
Fedhas


Message History

You blink.
You feel sick.
Casting: Blink
Confirm with . or Enter, or press ? or * to list all spells.
You blink.
The orc wizard gestures at you while chanting.
The puff of flame hits you!
* * * LOW HITPOINT WARNING * * *
The worker ant barely misses you. The orc wizard closely misses you.
Casting: Blink
Confirm with . or Enter, or press ? or * to list all spells.
You blink.
* * * LOW HITPOINT WARNING * * *
You feel sick.
Casting: Blink
Confirm with . or Enter, or press ? or * to list all spells.
You blink.
* * * LOW HITPOINT WARNING * * *
You feel sick. The orc wizard closely misses you. The worker ant bites you.
You die...

##### ##..........#
#......... #
##..#####..#
#)........ ####
##.####......... ##
#.............. ###.#
##............. ....#
#####.........
#...####### #.........
#....o...## #...(.....
##.ยง.a@...##
#......... ##
##...###..####........
.# ##....#
##..###........ .#
#.....##
##..##........ .#
#..####.#
##..##....... .# #.#
#.# ##..#......# ##
#.. #.# #........##
##. .## ###.......## #
.# ##...##...##


You could see a worker ant and an orc wizard.

Vanquished Creatures
  2 hounds (D:4)
  A worker ant (D:4)
  An orc wizard (D:4)
  Ijyb (D:2)
  An adder (D:3)
  A giant mite (D:3)
  An inept feature mimic (D:3)
  A giant gecko (D:4)
  5 orcs
  6 bats
  A bat skeleton (D:4)
  4 giant cockroaches
  14 goblins
  9 hobgoblins
  4 jackals (D:3)
  10 kobolds
  5 giant newts
  A hobgoblin skeleton (D:4)
  A kobold skeleton (D:4)
  A quokka (D:3)
  8 rats
  2 plants (D:1)
80 creatures vanquished.

Notes
Turn   | Place    | Note
--------------------------------------------------------------
     0 | D:1      | Kex, the High Elf Warper, began the quest for the Orb.
     0 | D:1      | Reached XP level 1. HP: 14/14 MP: 4/4
   251 | D:1      | Reached XP level 2. HP: 16/19 MP: 6/6
   657 | D:1      | Reached skill level 1 in Armour
  1373 | D:2      | Reached XP level 3. HP: 21/24 MP: 5/8
  1378 | D:2      | Reached skill level 4 in Translocations
  1412 | D:2      | Learned a level 2 spell: Blink
  1416 | D:2      | Learned a level 3 spell: Teleport Other
  1535 | D:2      | Noticed Ijyb
  1547 | D:2      | Killed Ijyb
  1836 | D:2      | Reached skill level 1 in Short Blades
  2474 | D:3      | Reached XP level 4. HP: 27/29 MP: 8/11
  2837 | D:3      | Found a shattered altar of Ashenzari.
  3222 | D:4      | Reached XP level 5. HP: 28/35 MP: 9/13
  3316 | D:4      | Found a blossoming altar of Fedhas.
  3677 | D:4      | Reached skill level 1 in Stealth
  3889 | D:4      | Noticed a hill giant skeleton
  4355 | D:4      | Slain by a worker ant

Action                   |  1- 3 |  4- 6 || total
-------------------------+-------+-------++-------
Melee: Falchion          |   118 |       ||   118
       Dagger            |   129 |    99 ||   228
       Short sword       |    30 |    59 ||    89
 Cast: Apportation       |     9 |       ||     9
       Teleport Other    |     6 |    10 ||    16
       Blink             |     3 |    11 ||    14
  Use: Scroll            |     3 |       ||     3
 Stab: Sleeping          |     1 |     1 ||     2
       Distracted        |     1 |       ||     1
  Eat: Chunk             |     4 |     5 ||     9
       Beef jerky        |     1 |     1 ||     2
       Meat ration       |       |     1 ||     1
